 Dungeon Crawl Stone Soup version 0.23.2-1-ga50397a6bc (webtiles) character file.

Game seed: 6658814944431749404

163 NochnoyZador the Slasher (level 5, 0/34 HPs)
             Began as an Octopode Warper on May 8, 2019.
             Was a Believer of Lugonu.
             Succumbed to a worker ant's poison
             ... on level 3 of the Dungeon.
             The game lasted 00:08:59 (3306 turns).

NochnoyZador the Slasher (Octopode Warper)          Turns: 3306, Time: 00:09:00

Health: 0/34       AC:  1    Str: 10    XL:     5   Next: 44%
Magic:  8/8        EV: 13    Int: 15    God:    Lugonu [**....]
Gold:   92         SH:  0    Dex: 13    Spells: 4/8 levels left

rFire    . . .     SeeInvis .   a - +0 falchion
rCold    . . .     Gourm    .   (no shield)
rNeg     . . .     Faith    .   (helmet restricted)
rPois    .         Spirit   .   (no amulet)
rElec    .         Reflect  .   (no ring)
rCorr    .         Harm     .   (no ring)
MR       .....                  (no ring)
Stlth    ++........             (no ring)
HPRegen  0.11/turn              (no ring)
MPRegen  0.11/turn              (no ring)
                                (no ring)
                                (no ring)

@: lethally poisoned (0 -> -7)
A: almost no armour, stealthy swim, amphibious, 8 rings, constrict 8, camouflage
1, gelatinous body 1
a: Depart the Abyss, Bend Space, Renounce Religion


You were on level 3 of the Dungeon.
You worshipped Lugonu.
Lugonu was pleased with you.
You were not hungry.

You visited 1 branch of the dungeon, and saw 3 of its levels.

You collected 92 gold pieces.

Inventory:

Hand Weapons
 a - a +0 falchion (weapon)
Missiles
 b - 48 stones
 d - 4 tomahawks of dispersal (quivered)
 m - 4 tomahawks
Jewellery
 p - a +6 ring of strength {unknown}
Scrolls
 c - a scroll of blinking
 e - a scroll of remove curse {unknown}
 h - 2 scrolls of identify {unknown}
 i - a scroll of amnesia {unknown}
 l - a scroll of fear {unknown}
 n - a scroll of immolation {unknown}
Potions
 g - a potion of degeneration {unknown}
 j - a potion of berserk rage {unknown}
 k - a potion of flight {unknown}
Comestibles
 f - 3 rations
 o - a chunk of flesh


   Skills:
 - Level 2.0 Fighting
 + Level 5.5 Long Blades
 - Level 1.0 Throwing
 - Level 2.3 Dodging
 - Level 2.0 Spellcasting
 - Level 3.0 Translocations


You had 4 spell levels left.
You knew the following spells:

 Your Spells              Type           Power        Failure   Level  Hunger
a - Shroud of Golubria    Chrm/Tloc      #.........   19%         2    ###....
b - Blink                 Tloc           N/A          10%         2    ###....

Your spell library contained the following spells:

 Spells                   Type           Power        Failure   Level  Hunger
 Gell's Gravitas          Tloc           ##........   19%         3    ###....
 Lesser Beckoning         Tloc           ##........   19%         3    ###....
 Teleport Other           Tloc           ##......     19%         3    ###....
 Passage of Golubria      Tloc           N/A          54%         4    #####..


Dungeon Overview and Level Annotations

Branches:
Dungeon (3/15)

Altars:
Gozag
Qazlal
Xom
Lugonu


Innate Abilities, Weirdness & Mutations

You cannot wear most types of armour.
You are very stealthy in the water. (Stealth+)
You are amphibious.
You can wear up to eight rings at the same time.
You can use your tentacles to constrict eight enemies at once.
Your skin changes colour to match your surroundings (Stealth+).
Your rubbery body absorbs attacks. (AC +1, EV +1)


Message History

You squeeze the worker ant, but do no damage.
The worker ant is moderately wounded.
You constrict the worker ant, but do no damage.
* * * LOW HITPOINT WARNING * * *
You feel sick. The worker ant barely misses you.
You riposte.
You hit the worker ant but do no damage.
The worker ant is moderately wounded.
You hit the worker ant.
The worker ant is moderately wounded.
You constrict the worker ant.
* * * LOW HITPOINT WARNING * * *
You feel sick. The worker ant bites you.
* * * LOW HITPOINT WARNING * * *
An orc wizard comes into view. It is wielding a +0 dagger.
You barely miss the worker ant.
The orc wizard shouts!
You squeeze the worker ant.
The worker ant is severely wounded.
You constrict the worker ant.
You die...

#...# #...#
#.<.#
#...#####
##......#
#######.#
#.......#
#.####..#.##.
#oa@.......#
#.##..#.##.#
.. #..#.#


.go ...# . ..# ###.# ## . ..# ### You could see a worker ant, an orc wizard, an
orc and a goblin.

Vanquished Creatures
  An orc wizard (D:2)
  4 adders (D:2)
  2 oozes
  6 worms (D:2)
  4 dart slugs
  2 leopard geckos (D:1)
  4 orcs
  6 bats
  3 giant cockroaches
  3 goblins
  9 hobgoblins
  3 jackals (D:2)
  A ball python (D:1)
  2 frilled lizards (D:1)
  4 kobolds
  9 rats
63 creatures vanquished.

Notes
Turn   | Place    | Note
-------+----------+-------------------------------------------
     0 | D:1      | NochnoyZador the Octopode Warper began the quest for the
                  | Orb.
     0 | D:1      | Reached XP level 1. HP: 14/14 MP: 3/3
   299 | D:1      | Reached XP level 2. HP: 17/19 MP: 5/5
   303 | D:1      | Learned a level 2 spell: Shroud of Golubria
   306 | D:1      | Learned a level 2 spell: Blink
   462 | D:1      | Reached skill level 3 in Long Blades
   756 | D:1      | Reached XP level 3. HP: 15/24 MP: 6/6
  1417 | D:2      | Reached skill level 4 in Long Blades
  1645 | D:2      | Reached XP level 4. HP: 20/29 MP: 7/7
  1929 | D:2      | Found a stormy altar of Qazlal.
  2122 | D:2      | Found a faded altar of an unknown god.
  2386 | D:2      | Became a worshipper of Lugonu the Unformed
  2386 | D:2      | Reached * piety under Lugonu
  2386 | D:2      | Reached ** piety under Lugonu
  2485 | D:2      | Reached skill level 5 in Long Blades
  2602 | D:2      | Reached XP level 5. HP: 28/34 MP: 8/8
  3063 | D:2      | Found an opulent altar of Gozag.
  3157 | D:2      | Found a shimmering altar of Xom.
  3305 | D:3      | HP: 1/34 [worker ant (3)]
  3306 | D:3      | Succumbed to a worker ant's poison

Skill      XL: |  1  2  3  4 |
---------------+-------------+-----
Long Blades    | 3 4 5 |  5.5
Fighting       | |  2.0
Throwing       | |  1.0
Dodging        | |  2.3
Spellcasting   | |  2.0
Translocations | |  3.0

Action                   |  1- 3 |  4- 6 || total
-------------------------+-------+-------++-------
Melee: Falchion          |    68 |    74 ||   142
       Constrict         |    17 |    19 ||    36
       Tentacles         |    11 |    17 ||    28
Throw: Tomahawk          |     1 |       ||     1
 Stab: Sleeping          |     6 |     2 ||     8
  Eat: Ration            |     1 |       ||     1
       Chunk             |       |     4 ||     4
Armor: Skin              |     8 |     4 ||    12
Dodge: Dodged            |    32 |    24 ||    56
       Rpst.: Falchion   |    10 |     8 ||    18
